 Dungeon Crawl Stone Soup version 0.24-a0-170-gd8427f5 (webtiles) character file.

Game seed: 13569109959688608596

2429882 Mgcat the Executioner (level 27, 279/279 HPs)
             Began as a Deep Dwarf Berserker on Mar 7, 2019.
             Was a High Priest of Trog.
             Escaped with the Orb
             ... and 4 runes on Mar 8, 2019!
             The game lasted 04:01:33 (67196 turns).

Mgcat the Executioner (Deep Dwarf Berserker)       Turns: 67196, Time: 04:01:34

Health: 279/279    AC: 37    Str: 31      XL:     27
Magic:  12/12      EV: 16    Int:  9 (11) God:    Trog [*****.]
Gold:   4211       SH: 24    Dex: 14 (15) Spells: 26/26 levels left

rFire    + . .     SeeInvis +   r - +9 war axe (vamp) {!w}
rCold    + + .     Gourm    .   Y - +3 shield {AC+3}
rNeg     + + +     Faith    .   A - +4 gold dragon scales
rPois    +         Spirit   .   L - +3 crown of Dyrovepreva {rElec Int+2 SInv}
rElec    +         Reflect  +   F - +1 cloak {MR+}
rCorr    .         Harm     .   V - +3 pair of gauntlets of War {Slay+5}
MR       +++++                  a - +2 pair of boots of the Assassin {Detection Stab+ Stlth++}
Stlth    +.........             P - +5 amulet of reflection
HPRegen  0.00/turn              T - ring "Xydofon" {+Inv rElec rC+ rN++ Dex-4}
MPRegen  0.13/turn              p - ring "Vegaowaj" {Str+5 Dex+6}

@: non-regenerating, studying Stealth
A: damage resistance, heal wounds, clumsy 2, deformed body, low mp 2, negative
energy resistance 1, sense surroundings 3, weak 1, no regeneration
0: Orb of Zot
}: 4/15 runes: decaying, serpentine, slimy, silver
a: Heal Wounds, Berserk, Trog's Hand, Brothers in Arms, Renounce Religion, Evoke
Invisibility


You escaped.
You worshipped Trog.
Trog was extremely pleased with you.
You were very full.

You visited 10 branches of the dungeon, and saw 54 of its levels.
You visited the Abyss 1 time.
You also visited: Sewer, Bailey, Ice Cave and Desolation.

You collected 8562 gold pieces.
You spent 4351 gold pieces at shops.

Inventory:

Hand Weapons
 r - a +9 vampiric war axe (weapon) {!w}
   (You took it off a vault warden on level 4 of the Vaults)
 B - a +0 vampiric executioner's axe {!w}
   (You subdued it on level 2 of the Elven Halls)
 W - a +6 broad axe of flaming
   (Trog gifted it to you on level 3 of the Elven Halls)
Missiles
 j - 3 throwing nets (quivered) {=f, !d}
 N - 18 javelins
 Z - 3 poisoned javelins
Armour
 a - the +2 pair of boots of the Assassin (worn) {Detection Stab+ Stlth++}
   (You found it on level 2 of the Depths)

   It makes you much more stealthy.
 A - +4 gold dragon scales (worn)
   (You found it on level 5 of the Depths)
 C - a scarf of spirit shield
   (You found it on level 1 of the Realm of Zot)
 E - a +1 cloak of invisibility
   (You took it off a draconian knight on level 3 of the Realm of Zot)
 F - a +1 cloak of magic resistance (worn)
   (You bought it in a shop on level 5 of the Vaults)
 L - the +3 crown of Dyrovepreva (worn) {rElec Int+2 SInv}
   (You found it on level 5 of the Lair of Beasts)

   It affects your intelligence (+2).
   It insulates you from electricity.
   It lets you see invisible.
 V - the +3 pair of gauntlets of War (worn) {Slay+5}
   (You found it in the Desolation of Salt)

   It affects your accuracy and damage with ranged weapons and melee attacks
   (+5).
 Y - a +3 shield of protection (worn)
   (You found it in the Desolation of Salt)
Jewellery
 p - the ring "Vegaowaj" (right hand) {Str+5 Dex+6}
   (You found it on level 2 of the Realm of Zot)

   [ring of dexterity]

   It affects your strength (+5).
   It affects your dexterity (+6).
 y - the ring "Umeynlye" {Wiz +Fly rC+ MP+9}
   (You found it in an ice cave)

   [ring of wizardry]

   It improves your spell success rate.
   It protects you from cold.
   It affects your magic capacity (+9).
   It lets you fly.
 K - an uncursed ring of resist corrosion
   (You found it on level 5 of the Vaults)
 P - a +5 amulet of reflection (around neck)
   (You found it on level 5 of the Pits of Slime)
 T - the ring "Xydofon" (left hand) {+Inv rElec rC+ rN++ Dex-4}
   (You took it off an imperial myrmidon in the Desolation of Salt)

   [ring of protection from cold]

   It affects your dexterity (-4).
   It protects you from cold.
   It insulates you from electricity.
   It greatly protects you from negative energy.
   It lets you turn invisible.
 X - an uncursed ring of positive energy {unknown}
   (You found it on level 3 of the Realm of Zot)
Wands
 t - a wand of acid (4)
   (You found it on level 6 of the Lair of Beasts)
 w - a wand of digging (40)
   (You took it off Natasha on level 3 of the Dungeon)
 D - a wand of iceblast (21)
   (You found it on level 3 of the Swamp)
 I - a wand of clouds (1)
   (You bought it in a shop on level 5 of the Vaults)
Scrolls
 b - 5 scrolls of magic mapping {!r}
 h - 18 scrolls of remove curse
 n - 28 scrolls of teleportation
 o - a scroll of enchant weapon
 q - 11 scrolls of fog
 s - 3 scrolls of silence
 H - 9 scrolls of identify
 M - 3 scrolls of blinking {!r}
 U - 3 scrolls of holy word {!r}
Potions
 d - 4 potions of resistance
 f - 3 potions of ambrosia
 i - 25 potions of curing
 l - 9 potions of flight
 v - 5 potions of lignification {!q}
 G - 13 potions of mutation {!q}
 Q - 7 potions of heal wounds
 S - 8 potions of invisibility
Books
 O - a manual of Stealth {!d}
   (You found it on level 5 of the Pits of Slime)
Miscellaneous
 u - 5 sacks of spiders
 z - a phial of floods
   (You found it on level 3 of the Elven Halls)
 J - a lamp of fire
   (You found it in the Desolation of Salt)
 R - a fan of gales
   (You found it on level 1 of the Swamp)
Comestibles
 c - 50 rations


   Skills:
 + Level 22.7 Fighting
   Level 14.0 Short Blades
 + Level 26.7 Axes
 + Level 18.3 Armour
 + Level 18.3 Dodging
 - Level 15.0 Stealth
 + Level 18.4 Shields
 + Level 19.8 Evocations


You had 26 spell levels left.
You didn't know any spells.
Your spell library contained the following spells:

 Spells                   Type           Power        Failure   Level  Hunger
 Animate Skeleton         Necr           N/A          99%         1    ##.....
 Apportation              Tloc           #.....       99%         1    ##.....
 Beastly Appendage        Tmut           #.....       99%         1    ##.....
 Confusing Touch          Hex            #.....       99%         1    ##.....
 Corona                   Hex            #......      99%         1    ##.....
 Flame Tongue             Conj/Fire      #....        99%         1    ##.....
 Freeze                   Ice            #...         99%         1    ##.....
 Infusion                 Chrm           #...         99%         1    ##.....
 Magic Dart               Conj           #...         99%         1    ##.....
 Pain                     Necr           #...         99%         1    ##.....
 Sandblast                Erth           #.....       99%         1    ##.....
 Sting                    Conj/Pois      #...         99%         1    ##.....
 Summon Butterflies       Summ           #.......     99%         1    ##.....
 Blink                    Tloc           N/A          100%        2    ###....
 Call Imp                 Summ           #.......     100%        2    ###....
 Corpse Rot               Necr           N/A          100%        2    ###....
 Ensorcelled Hibernation  Hex/Ice        #.....       100%        2    ###....
 Passwall                 Tmut/Erth      #.......     100%        2    ###....
 Poisonous Vapours        Pois/Air       #.....       100%        2    ###....
 Shroud of Golubria       Chrm/Tloc      #.........   100%        2    ###....
 Slow                     Hex            #.......     100%        2    ###....
 Song of Slaying          Chrm           #.......     100%        2    ###....
 Sublimation of Blood     Necr           #.........   100%        2    ###....
 Swiftness                Chrm/Air       #.......     100%        2    ###....
 Throw Frost              Conj/Ice       #.....       100%        2    ###....
 Confuse                  Hex            #.......     100%        3    ####...
 Conjure Flame            Conj/Fire      #.......     100%        3    ####...
 Dazzling Spray           Conj/Hex       #.....       100%        3    ####...
 Gell's Gravitas          Tloc           #.........   100%        3    ####...
 Ignite Poison            Fire/Tmut/Pois #.......     100%        3    ####...
 Inner Flame              Hex/Fire       #.......     100%        3    ####...
 Lesser Beckoning         Tloc           #.........   100%        3    ####...
 Mephitic Cloud           Conj/Pois/Air  #.......     100%        3    ####...
 Ozocubu's Armour         Chrm/Ice       #.......     100%        3    ####...
 Portal Projectile        Hex/Tloc       #.....       100%        3    ####...
 Recall                   Summ/Tloc      N/A          100%        3    ####...
 Spectral Weapon          Hex/Chrm       #.......     100%        3    ####...
 Stone Arrow              Conj/Erth      #.....       100%        3    ####...
 Teleport Other           Tloc           #.......     100%        3    ####...
 Tukima's Dance           Hex            #.......     100%        3    ####...
 Vampiric Draining        Necr           #.........   100%        3    ####...
 Animate Dead             Necr           N/A          100%        4    #####..
 Cause Fear               Hex            #.........   100%        4    #####..
 Force Lance              Conj/Tloc      #.......     100%        4    #####..
 Ice Form                 Ice/Tmut       #.......     100%        4    #####..
 Leda's Liquefaction      Hex/Erth       #.........   100%        4    #####..
 Olgreb's Toxic Radiance  Pois           #.......     100%        4    #####..
 Petrify                  Tmut/Erth      #.......     100%        4    #####..
 Sticky Flame             Conj/Fire      #.......     100%        4    #####..
 Summon Ice Beast         Ice/Summ       #.......     100%        4    #####..
 Summon Lightning Spire   Summ/Air       #.......     100%        4    #####..
 Throw Icicle             Conj/Ice       #.......     100%        4    #####..
 Alistair's Intoxication  Tmut/Pois      #.......     100%        5    ######.
 Aura of Abjuration       Summ           #.........   100%        5    ######.
 Bolt of Draining         Conj/Necr      #.........   100%        5    ######.
 Bolt of Magma            Conj/Fire/Erth #.........   100%        5    ######.
 Irradiate                Conj/Tmut      #.........   100%        5    ######.
 Iskenderun's Battlesphe  Conj/Chrm      #.......     100%        5    ######.
 Lee's Rapid Deconstruct  Erth           #.........   100%        5    ######.
 Metabolic Englaciation   Hex/Ice        #.........   100%        5    ######.
 Silence                  Hex/Air        #.........   100%        5    ######.
 Summon Demon             Summ           #.........   100%        5    ######.
 Summon Forest            Summ/Tloc      #.........   100%        5    ######.
 Summon Mana Viper        Hex/Summ       #.......     100%        5    ######.
 Venom Bolt               Conj/Pois      #.........   100%        5    ######.
 Yara's Violent Unravell  Hex/Tmut       #.........   100%        5    ######.
 Bolt of Cold             Conj/Ice       #.........   100%        6    #######
 Bolt of Fire             Conj/Fire      #.........   100%        6    #######
 Darkness                 Hex            #.........   100%        6    #######
 Death Channel            Necr           #.........   100%        6    #######
 Deflect Missiles         Chrm/Air       #.........   100%        6    #######
 Dispersal                Tloc           #.........   100%        6    #######
 Freezing Cloud           Conj/Ice/Air   #.........   100%        6    #######
 Hydra Form               Tmut           #.........   100%        6    #######
 Invisibility             Hex            #.......     100%        6    #######
 Iron Shot                Conj/Erth      #.........   100%        6    #######
 Ozocubu's Refrigeration  Ice            #.........   100%        6    #######
 Poison Arrow             Conj/Pois      #.........   100%        6    #######
 Shadow Creatures         Summ           N/A          100%        6    #######
 Simulacrum               Ice/Necr       #.........   100%        6    #######
 Statue Form              Tmut/Erth      #........    100%        6    #######
 Dragon Form              Tmut           #.........   100%        7    #######
 Haunt                    Necr/Summ      #.........   100%        7    #######
 Orb of Destruction       Conj           #.........   100%        7    #######
 Ring of Flames           Chrm/Fire      #.........   100%        7    #######
 Spellforged Servitor     Conj/Summ      #.........   100%        7    #######
 Summon Hydra             Summ           #.........   100%        7    #######
 Borgnjor's Revivificati  Necr           #.........   100%        8    #######
 Chain Lightning          Conj/Air       #.........   100%        8    #######
 Controlled Blink         Tloc           N/A          100%        8    #######
 Death's Door             Chrm/Necr      #.........   100%        8    #######
 Discord                  Hex            #.........   100%        8    #######
 Disjunction              Tloc           #.........   100%        8    #######
 Ignition                 Fire           #.........   100%        8    #######
 Infestation              Necr           #.........   100%        8    #######
 Lehudib's Crystal Spear  Conj/Erth      #.........   100%        8    #######
 Necromutation            Tmut/Necr      #.........   100%        8    #######
 Dragon's Call            Summ           #.........   100%        9    #######
 Fire Storm               Conj/Fire      #.........   100%        9    #######
 Glaciate                 Conj/Ice       #.........   100%        9    #######
 Shatter                  Erth           #.........   100%        9    #######
 Regeneration             Chrm/Necr      Unusable     N/A         3    N/A
 Passage of Golubria      Tloc           Unusable     N/A         4    N/A

Dungeon Overview and Level Annotations

Branches:
Dungeon (15/15)            Temple (0/1) D:7            Lair (6/6) D:8
  Swamp (4/4) Lair:4        Snake (4/4) Lair:4        Slime (5/5) Lair:5
    Orc (2/2) D:12            Elf (3/3) Orc:2        Vaults (5/5) D:14
  Crypt (0/3) Vaults:2     Depths (5/5) D:15            Zot (5/5) Depths:5

Altars:
Cheibriados
Dithmenos
Elyvilon
Hepliaklqana
Kikubaaqudgha
Makhleb
Nemelex Xobeh
Okawaru
Ru
Trog
Wu Jian
Zin
The Shining One
Beogh
Jiyva
Lugonu

Shops:
D:4 *   D:13 :   Orc:2 (*!*:   Elf:1 ?   Elf:2 *   Vaults:2 ?   Vaults:5 }[

Portals:
Hell: Depths:1 Depths:2 Depths:3 Depths:4 Depths:5
Abyss: Depths:4 Depths:5
Pandemonium: Depths:3
Ziggurat: Depths:3
Trove: Depths:5 (give horn of Geryon)

Annotations:
D:5 Grinder
D:14 Roxanne
Zot:4 3 runed translucent doors, tilp's ghost, legendary GrEE


Innate Abilities, Weirdness & Mutations

You are resistant to damage.
You can heal yourself by infusing magical energy.
You resist negative energy. (rN+)
You passively map a large area around you.
You do not regenerate.
You are very clumsy. (Dex -4)
Armour fits poorly on your strangely shaped body.
Your magical capacity is very low. (-20% MP)
You are weak. (Str -2)


Message History

Spoiler Alert: The balrug can smite you, and cast fireball!
You block the sun demon's attack.
You slash the sun demon!
The sun demon is moderately wounded.
You block the sun demon's attack. The balrug gestures at you.
The bolt of fire hits the red devil.
The red devil completely resists.
The bolt of fire hits you. You resist.
Spoiler Alert: The balrug can smite you, and cast fireball!
You slash the sun demon!
The sun demon is heavily wounded.
You block the red devil's attack. The sun demon hits you.
You are engulfed in flames!
You resist.
You take 8 damage, and have 263/279 hp.
You hit the sun demon.
The sun demon is heavily wounded.
The balrug gestures at you. Something smites you!
You block the sun demon's attack.
The red devil hits you but does no damage.
You take 5 damage, and have 258/279 hp.
Spoiler Alert: The balrug can smite you, and cast fireball!
You closely miss the sun demon.
The sun demon is heavily wounded.
You slice the sun demon!!
The sun demon is almost dead.
You block the sun demon's attack.
The red devil hits you but does no damage.
Spoiler Alert: The balrug can smite you, and cast fireball!
You slash the sun demon!
You kill the sun demon!
Trog accepts your kill. The balrug gestures at you.
The bolt of fire hits the red devil.
The red devil completely resists.
The bolt of fire hits you. You resist.
Spoiler Alert: The balrug can smite you, and cast fireball!
There is a stone staircase leading up here.
You block the red devil's attack.
You climb upwards.
There is a stone staircase leading down here.
(D) Dungeon (T) Temple (L) Lair (S) Swamp (P) Snake Pit (M) Slime Pits (O) Orcish Mines (E) Elven Halls (V) Vaults (C) Crypt (U) Depths (H) Hell (Z) Zot
Where to? (Enter - D:1 @ (x,y), ? - help)
You sense a monster nearby.
An Orb Guardian comes into view.
You hit the Orb Guardian.
The Orb Guardian is lightly wounded.
You block the Orb Guardian's attack.
Your gold dragon scales prevents you from hitting the Orb Guardian.
The Orb Guardian is lightly wounded.
You block the Orb Guardian's attack.
You slash the Orb Guardian!
You feel better.
The Orb Guardian is lightly wounded.
You block the Orb Guardian's attack.
You regained 6 hp, and now have 264/279 hp.
You hit the Orb Guardian.
You feel better.
The Orb Guardian is lightly wounded.
The Orb Guardian hits you.
You carve the Orb Guardian like a ham!!!
You feel better.
The Orb Guardian is almost dead.
You block the Orb Guardian's attack.
Health restored: 279 You slash the Orb Guardian!
You kill the Orb Guardian!
Trog accepts your kill.
(D) Dungeon (T) Temple (L) Lair (S) Swamp (P) Snake Pit (M) Slime Pits (O) Orcish Mines (E) Elven Halls (V) Vaults (C) Crypt (U) Depths (H) Hell (Z) Zot
Where to? (Enter - D:1 @ (x,y), ? - help)
You see here a +0 club.
A rust devil comes into view.
The rust devil screeches!
You hit the rust devil.
The rust devil is lightly wounded.
You slice the rust devil!!
The rust devil is heavily wounded.
The rust devil closely misses you.
You slash the rust devil!
The rust devil is severely wounded.
You block the rust devil's attack.
You cut the rust devil into ribbons!!!
You kill the rust devil!
Trog accepts your kill.
(D) Dungeon (T) Temple (L) Lair (S) Swamp (P) Snake Pit (M) Slime Pits (O) Orcish Mines (E) Elven Halls (V) Vaults (C) Crypt (U) Depths (H) Hell (Z) Zot
Where to? (Enter - D:1 @ (x,y), ? - help)
There is a stone staircase leading up here.
You climb upwards.
There is a stone staircase leading down here.
There is a stone staircase leading up here.
You climb upwards.
There is a stone staircase leading down here.
There is an open door, spattered with blood here.
There is a staircase leading out of the dungeon here.
You have escaped!

#..................########.####
#########....#..................
#.............#.###.####
##.#####'#####.#..#..#
##..#.........#....#.## #
##...#.........###....# ##
#..#.#..⌠...⌠..# ##...# ##.
#####.####.........#####..###..
##.....##.'...[@....'.###...#..#
##.).....#.#.........#..##.....##
#..........#..⌠...⌠..#.......>...
#.........##.........#..........#
#.........##.........#...........
#.........######+#####.........#.
#.........# #..# #..........##.
#.........#####.## ##...##...###.
#.........#.....# ###########..


There were no monsters in sight!

Vanquished Creatures
  4 orbs of fire
  5 ancient liches
  5 Killer Klowns
  A shard shrike (shapeshifter) (Vaults:1)
  2 curse toes
  Nikola (Swamp:1)
  4 golden dragons
  A pearl dragon (Depths:1)
  2 electric golems (Zot:5)
  A bone dragon (Depths:5)
  18 tentacled monstrosities
  Rupert (D:14)
  26 Orb Guardians
  7 titans
  A deep elf blademaster (Elf:3)
  14 acid blobs
  2 deep elf master archers (Elf:3)
  11 quicksilver dragons
  A lich (Depths:5)
  2 sphinxes (shapeshifter)
  6 death cobs
  Frances (Swamp:1)
  15 storm dragons
  7 shadow dragons
  7 sphinxes
  Kirke (Lair:4)
  Donald (Snake:1)
  10 draconian monks
  6 tengu reavers
  12 azure jellies
  Louise (D:14)
  15 vault wardens
  9 fire giants
  5 nagarajas
  3 orc warlords (Vaults:1)
  9 draconian knights
  15 frost giants
  An imperial myrmidon (Desolation)
  7 deep elf sorcerers
  An iron dragon (Vaults:5)
  3 ghost moths
  3 draconian shifters
  6 draconian stormcallers
  9 draconian scorchers
  A spriggan defender (Depths:5)
  6 deep elf elementalists
  18 very ugly things
  A stone giant (shapeshifter) (Depths:2)
  3 war gargoyles (Depths:2)
  An ophan (Depths:1)
  13 stone giants
  16 ironheart preservers
  5 draconian annihilators
  2 vampire knights
  An apis (Depths:1)
  18 green draconians
  7 deep elf demonologists
  13 black draconians
  Azrael (D:14)
  10 purple draconians
  13 white draconians
  18 yellow draconians
  3 spark wasps
  5 deep elf annihilators
  11 red draconians
  11 crystal guardians (Depths:2)
  11 ettins
  Josephine (D:11)
  7 fire dragons
  5 deep elf high priests
  10 ragged hierophants (Desolation)
  9 deep elf death magi
  13 yaktaur captains
  8 ogre magi
  9 great orbs of eyes
  37 vault guards
  16 naga warriors
  2 death oozes (Slime:5)
  10 ice dragons
  2 servants of whispers (Desolation)
  A shambling mangrove (Swamp:1)
  8 ghost crabs
  4 rakshasas
  2 spriggan air magi
  3 peacekeepers
  12 hydras
  The ghost of Muonuta the Fighter, a novice MiFi of Okawaru (Lair:1)
  13 centaur warriors
  16 anacondas
  36 dancing weapons
  A death yak (shapeshifter) (Depths:2)
  A two-headed ogre (shapeshifter) (Depths:2)
  9 death yaks (Lair:6)
  4 vampire magi
  23 two-headed ogres
  An alligator (shapeshifter) (Vaults:5)
  7 tengu warriors
  11 alligators
  4 large abominations
  Urug (Lair:1)
  13 deep troll earth magi
  An orc high priest (Elf:3)
  6 spriggan berserkers
  7 shock serpents
  8 deep troll shamans
  6 hell knights (Depths:5)
  Nergalle (Lair:1)
  5 naga sharpshooters
  20 deep elf knights
  A sun demon (D:4)
  5 iron trolls
  A fire crab (Lair:5)
  A shadow wraith (Vaults:5)
  4 salamander mystics
  A deep troll (shapeshifter) (Vaults:5)
  5 skeletal warriors
  4 unseen horrors
  3 spriggan druids (Swamp:3)
  A death drake (shapeshifter) (Vaults:5)
  9 wizards
  9 glowing orange brains
  A torturous demonspawn (Depths:4)
  The ghost of Duffy the Arsonist, a novice OpFE of Vehumet (D:6)
  5 naga ritualists
  8 deep elf archers
  2 swamp dragons
  A flayed ghost (Vaults:4)
  2 wolf spider zombies (D:15)
  4 obsidian statues (Depths:2)
  3 phantasmal warriors
  A sphinx zombie (Depths:4)
  19 ironbrand convokers
  35 deep trolls
  An orb spider (shapeshifter) (Vaults:1)
  A lindwurm (shapeshifter) (Depths:2)
  12 orc knights
  6 lindwurms
  A tengu zombie (Depths:4)
  9 harpies
  6 necromancers
  11 mana vipers
  A stone giant zombie (Vaults:1)
  5 orc sorcerers
  4 wolf spiders
  3 shining eyes
  9 salamanders
  66 deep elf magi
  5 cyclopes
  49 ugly things
  25 moths of wrath
  A fire giant skeleton (Vaults:5)
  13 guardian serpents
  24 black mambas
  An iron dragon skeleton (Depths:4)
  A rust devil (D:3)
  14 naga magi
  2 moths of wrath (shapeshifter)
  2 apocalypse crabs (Swamp:3)
  2 gargoyles (Depths:2)
  16 vault sentinels
  6 torpor snails
  Maurice (D:10)
  5 eyes of devastation
  4 molten gargoyles
  A smoke demon (D:5)
  17 spiny frogs
  4 rime drakes
  5 spectral swamp worms (Depths:4)
  2 kobold demonologists
  A spriggan skeleton (Depths:4)
  49 yaktaurs
  7 freezing wraiths
  9 komodo dragons
  2 komodo dragons (shapeshifter)
  3 hellwings (D:5)
  3 tengu conjurers
  A wandering mushroom (Lair:4)
  A jumping spider (shapeshifter) (Vaults:4)
  A meliai (shapeshifter) (Vaults:1)
  16 polar bears
  7 trolls
  A troll (shapeshifter) (Vaults:5)
  14 tyrant leeches
  A wind drake (shapeshifter) (Depths:3)
  19 hornets
  3 polar bears (shapeshifter)
  3 wind drakes (Depths:2)
  A merfolk (shapeshifter) (Vaults:5)
  3 meliai (D:14)
  A sphinx simulacrum (Vaults:5)
  93 slime creatures
  A hippogriff (shapeshifter) (Depths:2)
  6 hippogriffs
  43 saltlings
  Prince Ribbit (D:6)
  22 blink frogs
  A blink frog (shapeshifter) (Depths:4)
  3 dream sheep (Lair:4)
  3 bog bodies
  A redback (shapeshifter) (Vaults:5)
  Sigmund (D:4)
  A shadow (Swamp:3)
  11 air elementals
  12 spriggans
  7 water elementals
  7 wyverns
  Eustachio (D:4)
  8 wraiths
  5 basilisks
  4 hogs (Lair:4)
  A yak (shapeshifter) (Vaults:3)
  83 yaks
  6 fire elementals
  6 golden eyes (Slime:4)
  3 chaos spawn
  4 hungry ghosts
  18 vampire mosquitoes
  A steam dragon (Lair:6)
  A human simulacrum (Vaults:5)
  3 wargs
  16 swamp worms
  31 nagas
  5 swamp worm simulacra (Swamp:4)
  12 insubstantial wisps
  15 porcupines
  Duvessa (D:6)
  6 acid dragons
  A floating eye (Depths:4)
  12 water moccasins
  3 hell hounds (D:14)
  13 hydra simulacra (Swamp:4)
  3 sky beasts
  2 black bears
  48 orc warriors
  10 ice beasts
  13 swamp drakes
  A human zombie (Vaults:1)
  4 phantoms
  2 eyes of draining (Slime:5)
  23 ogres
  25 wolves
  34 centaurs
  3 boggarts (Depths:3)
  20 crocodiles
  2 big kobolds (D:14)
  19 bullfrogs
  3 human skeletons
  9 earth elementals
  9 small abominations
  A wyvern zombie (D:10)
  Dowan (D:6)
  A hornet simulacrum (D:6)
  3 scorpions
  A killer bee (shapeshifter) (Depths:2)
  6 killer bees (D:8)
  An elf simulacrum (Vaults:1)
  21 wights
  3 electric eels (D:11)
  5 howler monkeys
  A centaur zombie (D:5)
  11 crimson imps
  A quasit (Depths:3)
  16 orc priests
  Crazy Yiuf (D:5)
  A bullfrog skeleton (D:8)
  11 hounds
  4 jellies
  3 centaur skeletons
  25 orc wizards
  An iron imp (Depths:3)
  Natasha (thrice) (D:3)
  8 iguanas
  11 worker ants
  2 hell rats (Lair:1)
  A merfolk siren (Sewer)
  A merfolk avatar (Sewer)
  3 hound skeletons
  Robin (D:3)
  7 gnolls
  11 adders
  14 river rats
  3 shadow imps
  3 white imps (D:6)
  2 oozes
  3 swamp drake simulacra (Swamp:4)
  2 adder zombies
  2 adder skeletons
  6 worms
  An adder simulacrum (D:6)
  2 dart slugs
  4 leopard geckos
  90 orcs
  7 ball pythons
  8 bats
  9 giant cockroaches
  11 hobgoblins
  9 jackals
  8 kobolds
  3 quokkas
  A quokka (shapeshifter) (Vaults:5)
  8 frilled lizards
  16 goblins
  A jackal skeleton (D:4)
  24 rats
  A rat (shapeshifter) (Vaults:5)
  3 crawling corpses (Elf:3)
  A fungus (D:5)
  3 plants (Depths:3)
2524 creatures vanquished.

Vanquished Creatures (collateral kills)
  the Royal Jelly (Slime:5)
  An orb of fire (Zot:4)
  An ancient lich (Zot:5)
  A bone dragon (Depths:5)
  A lich (Depths:5)
  A death cob (Zot:3)
  An acid blob (Slime:5)
  A storm dragon (Zot:2)
  A fire giant (Depths:5)
  A fire giant (shapeshifter) (Depths:2)
  An imperial myrmidon (Desolation)
  A draconian annihilator (Zot:4)
  A vampire knight (Depths:5)
  A stone giant (Vaults:2)
  A yellow draconian (Zot:4)
  A white draconian (Zot:4)
  A purple draconian (Zot:3)
  An ettin (Depths:5)
  2 crystal guardians
  2 fire dragons (Depths:5)
  A ragged hierophant (Desolation)
  A great orb of eyes (Vaults:2)
  3 vault guards
  An ice dragon (Depths:5)
  2 peacekeepers (Desolation)
  A spriggan air mage (Depths:2)
  2 centaur warriors (D:14)
  2 death knights (D:14)
  A deep troll shaman (Depths:4)
  A deep elf archer (Vaults:2)
  2 phantasmal warriors (Depths:5)
  A harpy (Vaults:2)
  3 ironbrand convokers
  An orc knight (Orc:2)
  A deep elf mage (D:14)
  A shining eye (Slime:5)
  3 apocalypse crabs (Swamp:3)
  A vault sentinel (Vaults:2)
  A spiny frog (shapeshifter) (Depths:5)
  2 yaktaurs
  A hornet (Depths:5)
  3 saltlings (Desolation)
  5 slime creatures (Slime:5)
  A wraith (D:14)
  A spriggan (Depths:5)
  3 orc warriors (Orc:2)
  An eye of draining (Slime:5)
  A hornet zombie (D:14)
  2 centaurs
  An orc (Orc:2)
72 creatures vanquished.

Vanquished Creatures (others)
  A shadow dragon (Zot:4)
  A fire giant (Vaults:5)
  A draconian knight (Zot:5)
  A draconian stormcaller (Zot:4)
  2 draconian annihilators
  A very ugly thing (Depths:2)
  A green draconian (Zot:3)
  A deep elf annihilator (Elf:3)
  A white draconian (Zot:3)
  A blizzard demon (Depths:2)
  An alligator (Swamp:4)
  A centaur warrior (Vaults:2)
  An anaconda (shapeshifter) (Depths:2)
  2 dancing weapons (Depths:2)
  A vampire mage (Depths:4)
  A naga sharpshooter (Snake:4)
  An unseen horror (D:14)
  A spriggan druid (Swamp:3)
  3 deep elf archers
  An orc knight (Bailey)
  A deep elf mage (Elf:2)
  A wolf spider (Vaults:3)
  A cyclops (D:14)
  An eye of devastation (shapeshifter) (Depths:2)
  6 yaktaurs
  A hornet (Depths:5)
  A polar bear (IceCv)
  A tyrant leech (Swamp:4)
  A saltling (Desolation)
  5 water elementals (Depths:2)
  A spriggan (Depths:5)
  A fire elemental (Depths:2)
  2 insubstantial wisps (Depths:2)
  A swamp drake (Swamp:3)
  A wolf (IceCv)
  3 centaurs
  2 earth elementals (Depths:2)
  2 electric eels (Elf:1)
  8 ball lightnings (Depths:2)
  2 orcs
  A bush (Lair:1)
  27 fungi
  44 plants
138 creatures vanquished.

Grand Total: 2734 creatures vanquished

Notes
Turn   | Place    | Note
-------+----------+-------------------------------------------
     0 | D:1      | Mgcat the Deep Dwarf Berserker began the quest for the Orb.
     0 | D:1      | Reached XP level 1. HP: 20/20 MP: 1/1
   230 | D:1      | Reached XP level 2. HP: 18/27 MP: 2/2
   583 | D:2      | Reached skill level 3 in Fighting
   841 | D:2      | Found a sacrificial altar of Ru.
   857 | D:2      | Reached XP level 3. HP: 34/34 MP: 2/2
  1166 | D:2      | Reached ** piety under Trog
  1166 | D:2      | Reached skill level 3 in Dodging
  1236 | D:2      | Reached skill level 3 in Armour
  1236 | D:2      | Reached XP level 4. HP: 42/42 MP: 3/3
  1317 | D:2      | Reached skill level 4 in Axes
  1491 | D:3      | Noticed Robin
  1496 | D:3      | Killed Robin
  1665 | D:3      | Noticed Natasha
  1679 | D:3      | Killed Natasha
  1679 | D:3      | Reached XP level 5. HP: 49/49 MP: 3/3
  1809 | D:3      | Noticed Natasha
  1822 | D:3      | Killed Natasha
  2017 | D:3      | Found a hazy altar of Hepliaklqana.
  2060 | D:3      | Noticed Natasha
  2071 | D:3      | Killed Natasha
  2242 | D:3      | Found a sparkling altar of Nemelex Xobeh.
  2307 | D:3      | Reached XP level 6. HP: 24/57 MP: 4/4
  2410 | D:3      | Found a snail-covered altar of Cheibriados.
  2544 | D:4      | Reached skill level 4 in Armour
  2544 | D:4      | Reached skill level 4 in Dodging
  2594 | D:4      | Reached skill level 4 in Fighting
  2753 | D:4      | Found a glowing drain.
  2794 | Sewer    | Entered a sewer
  2808 | Sewer    | Reached *** piety under Trog
  2910 | Sewer    | Reached skill level 5 in Axes
  3069 | Sewer    | Reached **** piety under Trog
  3117 | Sewer    | Reached XP level 7. HP: 61/66 MP: 5/5
  3415 | D:4      | Noticed Sigmund
  3415 | D:4      | Noticed Eustachio
  3430 | D:4      | Killed Eustachio
  3438 | D:4      | Killed Sigmund
  3438 | D:4      | Reached skill level 5 in Armour
  3438 | D:4      | Reached skill level 5 in Dodging
  3552 | D:4      | Reached skill level 1 in Shields
  3819 | D:4      | Found Fiotsos's General Store.
  3860 | D:4      | Reached skill level 5 in Fighting
  3935 | D:5      | Entered Level 5 of the Dungeon
  3980 | D:5      | Reached skill level 6 in Axes
  3980 | D:5      | Reached XP level 8. HP: 58/74 MP: 6/6
  3989 | D:5      | Reached skill level 2 in Shields
  4155 | D:5      | HP: 18/74 [centaur (7)]
  4375 | D:5      | Reached skill level 3 in Shields
  4523 | D:5      | HP: 15/75 [centaur (8)]
  4751 | D:5      | Reached skill level 7 in Axes
  4798 | D:5      | Reached skill level 6 in Fighting
  4798 | D:5      | Reached skill level 4 in Shields
  4809 | D:5      | Noticed Grinder
  4811 | D:5      | Paralysed by Grinder for 5 turns
  5210 | D:5      | Got a translucent ring mail
  5221 | D:5      | Identified the +1 ring mail of the Jolly Coins {rElec} (You
                  | found it on level 5 of the Dungeon)
  5423 | D:5      | Found a runed translucent door.
  5424 | D:5      | Noticed Crazy Yiuf
  5430 | D:5      | Killed Crazy Yiuf
  5524 | D:6      | Noticed Duvessa
  5524 | D:6      | Noticed Dowan
  5533 | D:6      | Killed Duvessa
  5533 | D:6      | Gained mutation: You passively map the area around you.
                  | [Deep Dwarf growth]
  5533 | D:6      | Reached XP level 9. HP: 85/85 MP: 7/7
  5580 | D:6      | Reached skill level 8 in Axes
  5584 | D:6      | Killed Dowan
  5611 | D:6      | Noticed Duffy's ghost (novice OpFE)
  5660 | D:6      | Found a glowing golden altar of the Shining One.
  5675 | D:6      | Reached skill level 7 in Fighting
  5863 | D:6      | Noticed Prince Ribbit
  5883 | D:6      | Killed Prince Ribbit
  5883 | D:6      | Reached skill level 9 in Axes
  5966 | D:6      | Found a runed translucent gate.
  5966 | D:6      | Found a runed translucent gate.
  5966 | D:6      | Found a runed translucent gate.
  6272 | D:7      | Reached ***** piety under Trog
  6348 | D:7      | Reached skill level 8 in Fighting
  6461 | D:7      | Found a staircase to the Ecumenical Temple.
  6539 | D:7      | Reached skill level 10 in Axes
  6993 | D:7      | Reached XP level 10. HP: 88/98 MP: 8/8
  7215 | D:8      | Reached skill level 9 in Fighting
  7629 | D:8      | Received a gift from Trog
  7629 | D:8      | Reached skill level 11 in Axes
  7809 | D:8      | HP: 23/99 [porcupine's spines (7)]
  8037 | D:8      | Found a staircase to the Lair.
  8195 | D:9      | Reached skill level 1 in Evocations
  8220 | D:9      | Found a burning altar of Makhleb.
  8220 | D:9      | Found an iron altar of Okawaru.
  8590 | D:9      | Reached skill level 2 in Evocations
  8928 | D:10     | Entered Level 10 of the Dungeon
  8958 | D:10     | Found a flagged portal.
  8994 | Bailey   | Entered a bailey
  8994 | Bailey   | Noticed an orc knight
  9018 | Bailey   | Killed an orc knight
  9018 | Bailey   | Reached skill level 3 in Evocations
  9149 | Bailey   | Noticed an orc knight
  9177 | Bailey   | Killed an orc knight
  9177 | Bailey   | Reached skill level 10 in Fighting
  9177 | Bailey   | Reached skill level 4 in Evocations
  9272 | Bailey   | Identified the Catalogue of Vitriolic Black Secrets
  9357 | D:10     | Reached XP level 11. HP: 105/108 MP: 10/10
  9362 | D:10     | Reached skill level 5 in Evocations
  9392 | D:10     | Reached skill level 12 in Axes
  9588 | D:10     | Noticed Maurice
  9599 | D:10     | Killed Maurice
  9760 | D:10     | Noticed a two-headed ogre
  9764 | D:10     | Killed a two-headed ogre
  9764 | D:10     | Reached skill level 13 in Axes
  9829 | D:10     | Noticed a two-headed ogre
  9838 | D:10     | Killed a two-headed ogre
  9841 | D:10     | Noticed a sun demon
 10008 | D:10     | Noticed a fire dragon
 10056 | D:10     | Killed a fire dragon
 10056 | D:10     | Reached skill level 14 in Axes
 10217 | D:10     | Identified the Handbook of Transmigration and Confrontation
 10408 | D:11     | Noticed Josephine
 10431 | D:11     | Killed Josephine
 10431 | D:11     | Reached skill level 2 in Short Blades
 11227 | D:11     | Received a gift from Trog
 11227 | D:11     | Reached skill level 3 in Short Blades
 11713 | D:11     | You fall through a shaft!
 12173 | Lair:1   | Entered Level 1 of the Lair of Beasts
 12277 | Lair:1   | Noticed Nergalle
 12287 | Lair:1   | Noticed a spectral orc warlord
 12288 | Lair:1   | Killed Nergalle
 12288 | Lair:1   | Reached XP level 12. HP: 116/116 MP: 11/11
 12338 | Lair:1   | Identified a scroll of acquirement
 12352 | Lair:1   | Reached skill level 6 in Evocations
 12593 | Lair:1   | Reached skill level 4 in Short Blades
 12629 | Lair:1   | Found a transporter.
 12668 | Lair:1   | Found a transporter.
 12679 | Lair:1   | Identified the +5 quarterstaff of Extremism {elec, rN+}
 12680 | Lair:1   | Noticed Muonuta's ghost (novice MiFi)
 12684 | Lair:1   | Found a bloodstained altar of Trog.
 12684 | Lair:1   | Identified the cursed +1 trident of a Gauntlet {chaos,
                  | +Inv}
 12908 | Lair:1   | Noticed Urug
 12925 | Lair:1   | Killed Urug
 12925 | Lair:1   | Reached skill level 15 in Axes
 12925 | Lair:1   | Reached skill level 7 in Evocations
 13207 | Lair:2   | Found a frozen archway.
 13213 | IceCv    | Entered an ice cave
 13395 | IceCv    | Got a shimmering amber ring
 13402 | IceCv    | Identified the ring "Umeynlye" {Wiz +Fly rC+ MP+9} (You
                  | found it in an ice cave)
 13449 | IceCv    | Reached skill level 5 in Short Blades
 13491 | IceCv    | Reached skill level 8 in Evocations
 13593 | IceCv    | HP: 41/174 [polar bear (18)]
 13748 | IceCv    | Reached skill level 16 in Axes
 14101 | IceCv    | Noticed a frost giant
 14138 | IceCv    | Killed a frost giant
 14626 | Lair:2   | Reached XP level 13. HP: 123/123 MP: 12/12
 14757 | Lair:2   | Reached skill level 17 in Axes
 15522 | Lair:3   | Received a gift from Trog
 16189 | Lair:3   | Found a snail-covered altar of Cheibriados.
 16507 | Lair:4   | Reached skill level 6 in Short Blades
 16759 | Lair:4   | Noticed Kirke
 16770 | Lair:4   | Found a staircase to the Snake Pit.
 16800 | Lair:4   | Killed Kirke
 16800 | Lair:4   | Reached skill level 18 in Axes
 16938 | Lair:4   | Reached skill level 7 in Short Blades
 17131 | Lair:4   | Got a faintly humming robe
 17245 | Lair:4   | Found a staircase to the Swamp.
 17517 | Lair:5   | Found the +3 crown of Dyrovepreva {rElec Int+2 SInv}
 17930 | Lair:5   | Received a gift from Trog
 18053 | Lair:5   | Reached skill level 6 in Dodging
 18062 | Lair:5   | Reached skill level 6 in Armour
 18197 | Lair:5   | Found a viscous altar of Jiyva.
 18197 | Lair:5   | Found a staircase to the Slime Pits.
 18325 | Lair:6   | Entered Level 6 of the Lair of Beasts
 18397 | Lair:6   | Gained mutation: You resist negative energy. (rN+) [Deep
                  | Dwarf growth]
 18397 | Lair:6   | Reached XP level 14. HP: 133/133 MP: 12/12
 18863 | Lair:6   | Reached skill level 8 in Short Blades
 18883 | Lair:6   | Reached skill level 7 in Dodging
 18883 | Lair:6   | Reached skill level 7 in Armour
 19563 | Lair:6   | Found a runed translucent door.
 19833 | Lair:6   | Reached skill level 11 in Fighting
 20175 | Lair:6   | Reached ****** piety under Trog
 20253 | Lair:6   | Reached skill level 8 in Dodging
 20584 | D:6      | Reached skill level 8 in Armour
 20586 | D:6      | Received a gift from Trog
 20635 | D:6      | Killed Duffy's ghost
 20949 | D:12     | Reached skill level 9 in Short Blades
 21282 | D:12     | Reached skill level 19 in Axes
 21415 | D:12     | Found a transporter.
 21418 | D:12     | Found a transporter.
 21470 | D:12     | Reached XP level 15. HP: 77/142 MP: 13/13
 21720 | D:12     | Found a staircase to the Orcish Mines.
 21841 | Orc:1    | Entered Level 1 of the Orcish Mines
 21885 | Orc:1    | Received a gift from Trog
 22439 | Orc:2    | Entered Level 2 of the Orcish Mines
 22439 | Orc:2    | Found a staircase to the Elven Halls.
 22599 | Orc:2    | Found a roughly hewn altar of Beogh.
 22605 | Orc:2    | Found Otip's Book Emporium.
 23067 | Orc:2    | Received a gift from Trog
 23183 | Orc:2    | Found Tupsifoji's Distillery.
 23183 | Orc:2    | Found Darhy's Assorted Antiques.
 23185 | Orc:2    | Found Jobrilakh's Antique Weapon Emporium.
 23187 | Orc:2    | Found Tioroefu's General Store.
 23419 | Orc:2    | Bought a scroll of acquirement for 1352 gold pieces
 23850 | D:13     | Found Yput's Book Boutique.
 24076 | D:14     | HP: 32/144 [meliai/divine providence (10)]
 24148 | D:14     | Noticed Louise
 24169 | D:14     | Killed Louise
 24169 | D:14     | Reached skill level 10 in Short Blades
 24295 | D:14     | Noticed Azrael
 24318 | D:14     | Killed Azrael
 24318 | D:14     | Reached skill level 12 in Fighting
 24462 | D:14     | Identified Roxanne's Guide on Shape Shifting
 24462 | D:14     | Noticed Roxanne
 24536 | D:14     | Noticed Rupert
 24554 | D:14     | Killed Rupert
 25107 | D:14     | Found a gate to the Vaults.
 25403 | D:15     | Entered Level 15 of the Dungeon
 25452 | D:15     | Found a shadowy altar of Dithmenos.
 25760 | D:15     | Reached skill level 11 in Short Blades
 25790 | D:15     | Received a gift from Trog
 25854 | D:15     | Reached skill level 20 in Axes
 26314 | D:15     | Found a staircase to the Depths.
 26757 | Snake:1  | Entered Level 1 of the Snake Pit
 26881 | Snake:1  | Found a shadowy altar of Dithmenos.
 27334 | Orc:2    | Bought a glowing quarterstaff for 252 gold pieces
 27603 | Swamp:1  | Entered Level 1 of the Swamp
 27695 | Lair:4   | Identified the +5 executioner's axe of Ru's Delight {chop,
                  | rC+ Int+4 Dex+2} (You acquired it on level 4 of the Lair of
                  | Beasts)
 27848 | Snake:1  | Reached XP level 16. HP: 137/152 MP: 14/14
 28102 | Snake:1  | Reached skill level 12 in Short Blades
 28389 | Snake:1  | Noticed Donald
 28428 | Snake:1  | Killed Donald
 29025 | Snake:2  | Reached skill level 13 in Short Blades
 30281 | Snake:3  | Reached skill level 14 in Short Blades
 30740 | Swamp:1  | Received a gift from Trog
 31249 | Swamp:1  | Noticed Nikola
 31282 | Swamp:1  | Killed Nikola
 32001 | Swamp:2  | Noticed Frances
 32016 | Swamp:2  | Reached skill level 5 in Shields
 32038 | Swamp:1  | Killed Frances
 32157 | Swamp:2  | Reached skill level 9 in Evocations
 32933 | Swamp:2  | Reached XP level 17. HP: 160/160 MP: 15/15
 33236 | Swamp:3  | Reached skill level 9 in Armour
 33242 | Swamp:3  | Got an ancient amber ring
 33243 | Swamp:3  | Identified the ring of Kupsuem {rPois Stlth+} (You found it
                  | on level 3 of the Swamp)
 33359 | Swamp:3  | Reached skill level 9 in Dodging
 33391 | Swamp:3  | Received a gift from Trog
 33945 | Swamp:3  | Found a runed translucent door.
 34296 | Swamp:3  | Reached skill level 6 in Shields
 34548 | Swamp:3  | Identified the Catalogue of Dislocated Flames
 34554 | Swamp:3  | Got a pitted hand axe
 34555 | Swamp:3  | Identified the +3 hand axe of Hacking and Slashing
                  | {distort, rPois rF+ Str+2 Dex-5} (You found it on level 3
                  | of the Swamp)
 34657 | Swamp:4  | Entered Level 4 of the Swamp
 34882 | Swamp:4  | Reached skill level 10 in Evocations
 35912 | Swamp:4  | Reached skill level 7 in Shields
 35956 | Swamp:4  | Received a gift from Trog
 35990 | Swamp:4  | Got a decaying rune of Zot
 36230 | Snake:4  | Entered Level 4 of the Snake Pit
 36317 | Snake:4  | Reached skill level 10 in Armour
 36473 | Snake:4  | Got a transparent war axe
 36474 | Snake:4  | Identified the +4 war axe "Roma" {chop, *Noise Str+4 Dex+2}
                  | (You found it on level 4 of the Snake Pit)
 36578 | Snake:4  | Reached skill level 10 in Dodging
 36794 | Snake:4  | Found an ornate altar of the Wu Jian Council.
 37336 | Snake:4  | Reached skill level 11 in Evocations
 37421 | Snake:4  | Reached skill level 13 in Fighting
 37690 | Snake:4  | Reached skill level 8 in Shields
 37853 | Snake:4  | Received a gift from Trog
 37879 | Snake:4  | Gained mutation: You passively map a large area around you.
                  | [Deep Dwarf growth]
 37879 | Snake:4  | Reached XP level 18. HP: 171/171 MP: 16/16
 38108 | Snake:4  | Reached skill level 11 in Armour
 38212 | Snake:4  | Reached skill level 11 in Dodging
 38331 | Snake:4  | Got a serpentine rune of Zot
 38808 | Vaults:1 | Entered Level 1 of the Vaults
 38896 | Vaults:1 | Reached skill level 12 in Evocations
 38900 | Vaults:1 | Reached skill level 9 in Shields
 39710 | Vaults:1 | Received a gift from Trog
 40087 | Vaults:1 | Paralysed by a vampire knight for 7 turns
 40116 | Vaults:1 | Paralysed by a vampire knight for 3 turns
 40230 | Vaults:1 | Reached skill level 10 in Shields
 40463 | Vaults:1 | Reached skill level 12 in Armour
 40655 | Vaults:1 | Reached skill level 12 in Dodging
 40733 | Vaults:1 | Reached skill level 14 in Fighting
 40773 | Vaults:1 | HP: 38/175 [fire giant/fireball (24)]
 40780 | Vaults:1 | HP: 40/175 [fire giant/bolt of fire (3)]
 40927 | Vaults:1 | Noticed a tentacled monstrosity
 40961 | Vaults:1 | Killed a tentacled monstrosity
 41121 | Vaults:1 | Received a gift from Trog
 41173 | Vaults:1 | Noticed a juggernaut
 41173 | Vaults:1 | a shadow dragon changed into a juggernaut
 41179 | Vaults:1 | Noticed a shard shrike
 41179 | Vaults:1 | a juggernaut changed into a shard shrike
 41192 | Vaults:1 | Killed a shard shrike
 41192 | Vaults:1 | Reached skill level 11 in Shields
 41192 | Vaults:1 | Reached XP level 19. HP: 101/182 MP: 14/14
 41427 | Vaults:2 | Found a ruined gateway.
 41431 | Desolati | Entered the Desolation of Salt
 41714 | Desolati | Identified the Tome of the Eleven Mice
 41722 | Desolati | Got a faintly humming ring mail
 41736 | Desolati | Got a translucent leather armour
 42243 | Desolati | Received a gift from Trog
 42243 | Desolati | Reached skill level 12 in Shields
 42357 | Desolati | Identified the ring "Xydofon" {+Inv rElec rC+ rN++ Dex-4}
 42372 | Desolati | HP: 39/184 [saltling (10)]
 42512 | Desolati | Found the +3 pair of gauntlets of War {Slay+5}
 42552 | Desolati | Got a sparkling granite ring
 42559 | Desolati | Identified the ring "Zyvausow" {rN+ MR+ Stlth+} (You found
                  | it in the Desolation of Salt)
 42580 | Desolati | Identified the Catalogue of Evil and Augmentations
 42584 | Desolati | Got a twitching pewter ring
 42643 | Desolati | Reached skill level 15 in Fighting
 42740 | Vaults:2 | Identified the ring of the Aged Eyes {Dex+3 SInv} (You
                  | found it in the Desolation of Salt)
 42748 | Vaults:2 | Found Yppo's Magic Scroll Emporium.
 42818 | Vaults:2 | Paralysed by a wizard for 2 turns
 42837 | Vaults:2 | Bought a scroll of acquirement for 624 gold pieces
 43372 | Vaults:2 | Received a gift from Trog
 43569 | Vaults:2 | Reached skill level 13 in Evocations
 43621 | Vaults:2 | Reached skill level 13 in Shields
 43964 | Vaults:2 | Found a staircase to the Crypt.
 44526 | Vaults:3 | Received a gift from Trog
 44644 | Vaults:3 | Reached XP level 20. HP: 195/195 MP: 16/16
 44953 | Vaults:3 | Reached skill level 14 in Evocations
 45296 | Vaults:3 | Paralysed by a sphinx for 3 turns
 45633 | Vaults:3 | Reached skill level 14 in Shields
 45832 | Vaults:3 | Reached skill level 16 in Fighting
 45996 | Vaults:3 | Found a snail-covered altar of Cheibriados.
 46443 | Vaults:4 | Received a gift from Trog
 46477 | Vaults:4 | Reached skill level 15 in Evocations
 47093 | Vaults:4 | Reached skill level 15 in Shields
 47739 | Elf:1    | Entered Level 1 of the Elven Halls
 47950 | Elf:1    | Received a gift from Trog
 47954 | Elf:1    | Reached skill level 17 in Fighting
 48356 | Elf:1    | Found Gubronang's Magic Scroll Shop.
 48361 | Elf:1    | Bought a scroll of enchant armour for 112 gold pieces
 48638 | Elf:1    | Identified Xurow's Handbook of Confrontation and Summoning
 48819 | Elf:2    | Reached XP level 21. HP: 208/208 MP: 18/18
 48945 | Elf:2    | Found Ugeful's General Store.
 48987 | Elf:2    | Received a gift from Trog
 49145 | Elf:2    | Found a huge runed translucent gate.
 49145 | Elf:2    | Found a huge runed translucent gate.
 49145 | Elf:2    | Found a huge runed translucent gate.
 49145 | Elf:2    | Found a huge runed translucent gate.
 49145 | Elf:2    | Found a huge runed translucent gate.
 49695 | Elf:3    | Entered Level 3 of the Elven Halls
 50263 | Elf:3    | Received a gift from Trog
 50381 | Elf:3    | Identified the +4 troll leather armour of the Dozen Curses
                  | {Regen+ Dex+5}
 50398 | Elf:3    | Reached skill level 13 in Armour
 50398 | Elf:3    | Reached skill level 13 in Dodging
 50398 | Elf:3    | Reached skill level 16 in Evocations
 50421 | Elf:3    | Cast into level 3 of the Abyss (a deep elf sorcerer)
 50481 | Elf:3    | Escaped the Abyss
 50586 | Elf:3    | Received a gift from Trog
 50609 | Elf:3    | Got a fine leather armour
 50690 | Elf:3    | Identified Woch's Volume of Mutagenic Translocation
 50756 | Elf:3    | Identified the Compendium of Ashen Shape Shifting
 51500 | Elf:2    | Bought a +2 plate armour of fire resistance for 640 gold
                  | pieces
 51698 | Depths:1 | Entered Level 1 of the Depths
 51750 | Depths:1 | Found a gateway to Hell.
 51766 | Depths:1 | Noticed a pearl dragon
 51781 | Depths:1 | Killed a pearl dragon
 51897 | Depths:1 | Found a glowing golden altar of the Shining One.
 51897 | Depths:1 | Found a glowing silver altar of Zin.
 51898 | Depths:1 | Found a white marble altar of Elyvilon.
 52164 | Depths:1 | Reached skill level 18 in Fighting
 52979 | Depths:2 | Reached XP level 22. HP: 131/220 MP: 20/20
 53138 | Depths:2 | Received a gift from Trog
 53288 | Depths:2 | Reached skill level 17 in Evocations
 53372 | Depths:2 | Reached skill level 14 in Armour
 53372 | Depths:2 | Reached skill level 14 in Dodging
 54015 | Depths:3 | Received a gift from Trog
 54258 | Depths:3 | Found a burning altar of Makhleb.
 54380 | Depths:3 | Found a one-way gate leading to the halls of Pandemonium.
 54583 | Depths:3 | Found a gateway to a ziggurat.
 54649 | Depths:3 | Received a gift from Trog
 54654 | Depths:3 | Identified Vairch's Handbook of the Escort
 54664 | Depths:3 | Got an iridescent executioner's axe
 54668 | Depths:3 | Identified the +8 executioner's axe of Feemitu {flame,
                  | Str+3} (You found it on level 3 of the Depths)
 55151 | Depths:4 | Reached skill level 21 in Axes
 55389 | Depths:4 | Found a corrupted altar of Lugonu.
 55389 | Depths:4 | Found a one-way gate to the infinite horrors of the Abyss.
 55446 | Depths:4 | Reached skill level 18 in Evocations
 55456 | Depths:4 | Noticed an ancient lich
 55487 | Depths:4 | Received a gift from Trog
 55497 | Depths:4 | HP: 52/222 [deep troll (5)]
 55499 | Depths:4 | Killed an ancient lich
 55499 | Depths:4 | Reached skill level 15 in Dodging
 55549 | Depths:4 | Reached skill level 15 in Armour
 55630 | Depths:4 | Paralysed by a floating eye for 2 turns
 55673 | Depths:4 | Found the +6 Majin-Bo {vamp, Archmagi MP+6 Int+6}
 55786 | Depths:4 | Reached XP level 23. HP: 230/230 MP: 21/21
 55937 | Depths:5 | Entered Level 5 of the Depths
 56033 | Depths:5 | Reached skill level 22 in Axes
 56119 | Depths:5 | Reached skill level 19 in Fighting
 56166 | Depths:5 | Found a gate to the Realm of Zot.
 56348 | Depths:5 | Received a gift from Trog
 56562 | Depths:5 | Reached skill level 23 in Axes
 56822 | Depths:5 | Found a portal to a secret trove of treasure.
 57378 | Depths:2 | Noticed a caustic shrike
 57378 | Depths:2 | a sphinx changed into a caustic shrike
 57386 | Depths:2 | a caustic shrike changed into a shadow dragon
 57796 | Depths:2 | Got a pitted tin ring
 57798 | Depths:2 | Identified the ring "Food" {rElec rN+ Int+3} (You found it
                  | on level 2 of the Depths)
 57851 | Depths:2 | Identified the Tome of the Land of Plenty
 57863 | Depths:2 | Found the +4 moon troll leather armour {Spirit, Regen++
                  | MP+5}
 57931 | Depths:2 | Found the +2 pair of boots of the Assassin {Detection Stab+
                  | Stlth++}
 57935 | Depths:2 | Identified Jiffipigh's Papyrus of Poison and the Rocks
 58403 | Vaults:5 | Entered Level 5 of the Vaults
 58414 | Vaults:5 | Received a gift from Trog
 58453 | Vaults:5 | Reached skill level 20 in Fighting
 58525 | Vaults:5 | Reached XP level 24. HP: 244/244 MP: 21/21
 58651 | Vaults:5 | Reached skill level 24 in Axes
 58755 | Vaults:5 | Received a gift from Trog
 58920 | Vaults:5 | Bought a glowing cloak for 345 gold pieces
 59212 | Vaults:5 | Received a gift from Trog
 59479 | Vaults:5 | Reached skill level 21 in Fighting
 59577 | Vaults:5 | Reached skill level 25 in Axes
 59733 | Vaults:5 | Received a gift from Trog
 59785 | Vaults:5 | Got a silver rune of Zot
 60055 | Vaults:5 | Got a spiked chain mail
 60058 | Vaults:5 | Found Boguryej's Gadget Shop.
 60063 | Vaults:5 | Bought a wand of clouds (5) for 486 gold pieces
 60063 | Vaults:5 | Bought a phantom mirror for 540 gold pieces
 60095 | Vaults:5 | Identified the +4 chain mail of Mirth {+Inv rPois Str+4
                  | Dex-5} (You found it on level 5 of the Vaults)
 60524 | Lair:1   | Killed Muonuta's ghost
 60652 | Slime:1  | Entered Level 1 of the Pits of Slime
 60715 | Slime:2  | Gained mutation: Your body sometimes deteriorates upon
                  | taking damage. [a shining eye]
 60770 | Slime:4  | Reached XP level 25. HP: 253/253 MP: 21/21
 60886 | Slime:4  | Received a gift from Trog
 60897 | Slime:5  | Entered Level 5 of the Pits of Slime
 60918 | Slime:5  | Lost mutation: Your body sometimes deteriorates upon taking
                  | damage. [a shining eye]
 60944 | Slime:5  | Found a viscous altar of Jiyva.
 60944 | Slime:5  | Noticed the Royal Jelly
 60988 | Slime:5  | Found the +8 Wrath of Trog {antimagic, *Rage}
 60988 | Slime:5  | Killed the Royal Jelly
 61029 | Slime:5  | Got a slimy rune of Zot
 61045 | Slime:5  | Got a pearl-encrusted chain mail
 61046 | Slime:5  | Identified the +8 chain mail "Iwoduigg" {rPois Regen+
                  | Str+2} (You found it on level 5 of the Pits of Slime)
 61068 | Slime:5  | Got a warped battleaxe
 61084 | Slime:5  | Identified the +1 battleaxe "Nuoxogui" {speed, Str+2 Int+6
                  | Stlth-} (You found it on level 5 of the Pits of Slime)
 61700 | Zot:1    | Entered Level 1 of the Realm of Zot
 61701 | Zot:1    | Upgraded the game from 0.24-a0-169-g71aafec to
                  | 0.24-a0-170-gd8427f5
 61721 | Zot:1    | Reached skill level 1 in Stealth
 61754 | Zot:1    | Received a gift from Trog
 61754 | Zot:1    | Reached skill level 2 in Stealth
 61762 | Zot:1    | Got a crude cloak
 61782 | Zot:1    | Identified the cursed -6 cloak of Bueczomyati {rElec rN+}
                  | (You found it on level 1 of the Realm of Zot)
 61840 | Zot:1    | Reached skill level 3 in Stealth
 61867 | Zot:1    | Reached skill level 4 in Stealth
 61942 | Zot:1    | Reached skill level 5 in Stealth
 62144 | Zot:1    | Reached skill level 16 in Armour
 62154 | Zot:1    | Reached skill level 16 in Dodging
 62154 | Zot:1    | Reached skill level 16 in Shields
 62158 | Zot:1    | Reached skill level 6 in Stealth
 62261 | Zot:1    | Reached skill level 7 in Stealth
 62654 | Zot:2    | Got a shimmering amber ring
 62668 | Zot:2    | Reached skill level 8 in Stealth
 62696 | Zot:2    | Reached skill level 9 in Stealth
 62715 | Zot:2    | Reached XP level 26. HP: 264/265 MP: 21/21
 62738 | Zot:2    | Received a gift from Trog
 62765 | Zot:2    | Identified the ring "Vegaowaj" {Str+5 Dex+6} (You found it
                  | on level 2 of the Realm of Zot)
 62950 | Zot:2    | You fall through a shaft!
 62968 | Zot:3    | Reached skill level 10 in Stealth
 62972 | Zot:3    | Noticed an orb of fire
 62996 | Zot:3    | Gained mutation: Your magical capacity is low. (-10% MP)
                  | [an orb of fire]
 62998 | Zot:3    | Killed an orb of fire
 63118 | Zot:2    | Reached skill level 11 in Stealth
 63306 | Zot:3    | Reached skill level 22 in Fighting
 63313 | Zot:3    | Reached skill level 26 in Axes
 63407 | Zot:3    | Received a gift from Trog
 63473 | Zot:3    | Reached skill level 12 in Stealth
 63608 | Zot:3    | Reached skill level 17 in Dodging
 63620 | Zot:3    | Reached skill level 17 in Shields
 63622 | Zot:3    | Reached skill level 17 in Armour
 64059 | Zot:4    | Reached skill level 13 in Stealth
 64067 | Zot:4    | Noticed an orb of fire
 64073 | Zot:4    | Gained mutation: Armour fits poorly on your strangely
                  | shaped body. [an orb of fire]
 64085 | Zot:4    | Gained mutation: You are clumsy. (Dex -2) [an orb of fire]
 64086 | Zot:4    | Killed an orb of fire
 64286 | Zot:4    | Found a runed translucent gate.
 64286 | Zot:4    | Found a runed translucent gate.
 64286 | Zot:4    | Found a runed translucent gate.
 64287 | Zot:4    | Noticed an ancient lich
 64287 | Zot:4    | Noticed tilp's ghost (legendary GrEE)
 64287 | Zot:4    | Noticed an ancient lich
 64288 | Zot:4    | Found an ancient bone altar of Kikubaaqudgha.
 64288 | Zot:4    | Noticed an ancient lich
 64288 | Zot:4    | Noticed an ancient lich
 64785 | Zot:5    | Entered Level 5 of the Realm of Zot
 64961 | Zot:5    | Reached XP level 27. HP: 244/273 MP: 17/17
 65000 | Zot:5    | Reached skill level 14 in Stealth
 65114 | Zot:5    | Received a gift from Trog
 65568 | Zot:5    | Reached skill level 19 in Evocations
 65640 | Zot:5    | Noticed an ancient lich
 66039 | Zot:5    | Noticed an orb of fire
 66053 | Zot:5    | Noticed an ancient lich
 66054 | Zot:5    | Gained mutation: Your magical capacity is very low. (-20%
                  | MP) [an orb of fire]
 66064 | Zot:5    | Gained mutation: You are weak. (Str -2) [an orb of fire]
 66072 | Zot:5    | Gained mutation: You are very clumsy. (Dex -4) [an orb of
                  | fire]
 66076 | Zot:5    | Killed an orb of fire
 66076 | Zot:5    | Reached skill level 15 in Stealth
 66081 | Zot:5    | Killed an ancient lich
 66091 | Zot:5    | Noticed an ancient lich
 66109 | Zot:5    | Killed an ancient lich
 66128 | Zot:5    | Killed an ancient lich
 66200 | Zot:5    | Noticed an ancient lich
 66203 | Zot:5    | Noticed an ancient lich
 66216 | Zot:5    | Killed an ancient lich
 66217 | Zot:5    | Noticed an orb of fire
 66222 | Zot:5    | Killed an ancient lich
 66235 | Zot:5    | Killed an orb of fire
 66235 | Zot:5    | Reached skill level 18 in Shields
 66288 | Zot:5    | Reached skill level 18 in Armour
 66288 | Zot:5    | Reached skill level 18 in Dodging
 66373 | Zot:5    | Noticed an orb of fire
 66388 | Zot:5    | Killed an orb of fire
 66653 | Zot:5    | Got the Orb of Zot
 66709 | Zot:4    | Noticed an orb of fire
 67196 | D:$      | Escaped with the Orb!

Levels and vault maps discovered:
D:1:      mushboom_english_gardens, layout_rooms, supply_closet_lemuel
D:2:      layout_basic, first_ration, nicolae_ru_sacrificial_ziggurat
D:3:      layout_loops_corners, kennysheep_slug_shrine,
          overflow_temple_1_default, nemelex_diamond_rough_becter, uniq_robin,
          uniq_natasha
D:4:      layout_loops_cross, serial_shops, shop, gup_sewer_entry_bubbles,
          uniq_sigmund, uniq_eustachio
D:5:      layout_basic, serial_bayou_pond_e, minmay_divided_ellipse,
          uniq_grinder, uniq_crazy_yiuf_cottage
D:6:      layout_cave_pools, basic_altar, gammafunk_ghost_icy,
          uniq_prince_ribbit1, uniq_duvessa
D:7:      layout_loops_ring, minmay_temple_entry_junction, grunt_ogre_cave
D:8:      layout_cave_pools, due_lair_maze_entry_diamond
D:9:      layout_irregular_city, gammafunk_temple_overflow_elements
D:10:     dragon1_lemuel, layout_rooms, enter_bailey_3, uniq_maurice
D:11:     layout_basic, grunt_ministairs_8, uniq_josephine
D:12:     gammafunk_jiyva_shrine, layout_rooms, david_orc_4,
          hangedman_decor_peaks_small
D:13:     layout_rooms, serial_shops, shop_fountains, chequers_arboretum
D:14:     layout_roguey, david_vaults_5, hangedman_decor_growths, uniq_rupert,
          uniq_louise, uniq_azrael, uniq_roxanne
D:15:     hangedman_depths_entry_civil_slaughter, layout_cave_pools,
          grunt_dithmenos_smoke_and_mirrors, minmay_crystal_water, pond
Lair:1:   layout_regular_city, gammafunk_ghost_wrathful_warriors,
          kennysheep_rathole, uniq_nergalle, uniq_urug
Lair:2:   layout_regular_city, portal_ice_cave_entry_pillars_1,
          chequers_serial_rivers_small_a
Lair:3:   layout_chaotic_city, basic_altar, grunt_megastairs_5
Lair:4:   layout_hall_layers, minmay_swamp_entry_swarm,
          minmay_snake_entry_guardpost_small, nicolae_quartered_pool_medium,
          grunt_megastairs_2, uniq_kirke
Lair:5:   layout_long_grid, dpeg_slime_entry_enclosed_altar,
          grunt_forest_stairs_basic, hangedman_lair_generics_rect,
          lemuel_fruit_tree
Lair:6:   wormcave, layout_regular_city, guppyfry_lair_end_dragon
Swamp:1:  layout_falls_marsh, evilmike_swamp_ruin_house_4, uniq_nikola
Swamp:2:  layout_basic_swamp, nicolae_swamp_dense_foliage, swamp_pool3,
          uniq_frances
Swamp:3:  gammafunk_mikee_crab_dinner, layout_falls_marsh, serial_swamp_ruin,
          evilmike_swamp_ruin_house_2, evilmike_swamp_ruin_house_1, swamp_pool3
Swamp:4:  swamp_icy, layout_basic_swamp, swamp_pool5,
          nicolae_swamp_hydra_murder_den
Snake:1:  layout_gridlike, basic_altar, uniq_donald
Snake:2:  layout_onion_interference
Snake:3:  layout_honeycomb
Snake:4:  snake_pit_salamanders_mu, layout_cave_town, basic_altar
Slime:1:  layout_caves
Slime:2:  layout_caves
Slime:3:  layout_caves
Slime:4:  layout_caves, cheibrodos_slime_lost_civilization_4
Slime:5
Orc:1:    layout_caves
Orc:2:    st_orc_rangers, layout_caves, serial_shops, nicolae_shop_trees,
          basic_altar
Elf:1:    eino_elf_arrival_the_gate, layout_geoelf_diagonals, serial_shops,
          nicolae_shop_waterfront, kennysheep_underground_church,
          minmay_elf_sorcery
Elf:2:    layout_geoelf_grid, serial_shops, shop, grunt_megastairs_3
Elf:3:    minmay_elf_hall_spiked, layout_loops_cross
Vaults:1: vaults_room_grunt_arrival_ludios, v_misc_19, hangedman_vaults_nodes,
          st_greater_box_3, ontoclasm_vaults_chip, v_alt_pattern_3,
          ontoclasm_vaults_idyll, v_alt_pattern_2, vaults_room_ringed_pool,
          layout_vaults_maze
Vaults:2: grunt_vaults_hallway_long, hangedman_vaults_stagger,
          minmay_crypt_entry_simple_walls, v_misc_15, nicolae_vaults_alarming,
          dpeg_vaults_monster_box, nicolae_vaults_theta,
          vaults_room_grunt_arrival_checkpoint, layout_vaults_omnigrid,
          serial_shops, shop, portal_desolation_entry_salt
Vaults:3: v_misc_3, nicolae_vaults_little_squares_2, hangedman_vaults_trim,
          v_alt_pattern_6, nicolae_vaults_ninety_degrees, vaults_mumra_lcd,
          nicolae_vaults_arrows, nicolae_vaults_display_case, v_alt_pattern_6,
          nicolae_vaults_angled_halls, v_alt_pattern_1, vaults_room_pools,
          layout_vaults_omnibox, basic_altar
Vaults:4: v_misc_3, nicolae_vaults_ring_of_whatevers, v_misc_17,
          nicolae_vaults_c_with_doors, hangedman_vaults_nails, v_rooms_2,
          v_misc_24, vaults_room_pool, vaults_standard_mumra_enter_the_diamond,
          vaults_room_octagon, nicolae_vaults_circle_grid_a, v_misc_14,
          ontoclasm_vaults_twist, layout_vaults_ring
Vaults:5: serial_shops
Depths:1: layout_basic, interstate_on_off, hell_entry,
          minmay_misc_feat_ornament, minmay_misc_feat_secret_circle,
          hallowed_hall
Depths:2: radiant_caverns_b_rkd, hell_entry
Depths:3: minmay_the_grid_triangle_9x9_recursive_3_mashed
          [minmay_the_grid_triangle_9x9_empty,
          minmay_the_grid_triangle_9x9_stretched_checkered,
          minmay_the_grid_triangle_9x9_shrine,
          minmay_the_grid_triangle_9x9_prize_schism,
          minmay_the_grid_triangle_9x9_thin_v,
          minmay_the_grid_triangle_9x9_corruption,
          minmay_the_grid_triangle_9x9_descending_squares,
          minmay_the_grid_triangle_9x9_limited_checkers,
          minmay_the_grid_triangle_9x9_zippers_horizontal], layout_basic,
          enter_ziggurat_a, grunt_pan_entry_sceptre, grunt_hell_entry_dis_mu,
          serial_bayou_lagoon_a, serial_bayou_shore_a
Depths:4: minmay_guarded_unrand_majin_bo, layout_gridlike,
          pf_hell_entry_tar_river, abyss_entry_flame_altar,
          infiniplex_staircase_split_hallway, serial_bayou_shore_b
Depths:5: grunt_twist_and_shout, layout_gridlike, enter_trove_6, hell_entry,
          minmay_room_of_horrors
Zot:1:    layout_basic
Zot:2:    layout_onion_interference
Zot:3:    grunt_zot_stairs_faceoff, layout_misc_corridors
Zot:4:    layout_misc_corridors, gammafunk_ghost_crypt
Zot:5:    layout_gridlike, skrybe_zot_glass_1
Abyss:3:  due_evilmike_abyss_rune_seething_liches, hangedman_abyss_river_spirits
Sewer:    sewer_sea
Bailey:   bailey_polearm_4, bailey
IceCv:    ice_cave_caverns_03
Desolation

Skill      XL: |  1  2  3  4  5  6  7  8  9 10 11 12 13 14 15 16 17 18 19 20 21 22 23 24 25 26 27 |
---------------+----------------------------------------------------------------------------------+-----
Fighting       | 3 4 5 6 8 10 11 12 13 14 15 17 18 20 21 22 | 22.7
Dodging        | 3 4 5 6 8 10 12 13 15 16 17 18 | 18.3
Armour         | 3 4 5 6 8 10 12 13 15 16 17 18 | 18.3
Axes           | 4 5 6 7 10 11 14 16 18 19 20 21 23 25 26 | 26.7
Shields        | 1 4 5 8 11 13 15 16 17 18 | 18.4
Evocations     | 4 5 8 9 11 12 13 15 16 18 19 | 19.8
Short Blades   | 3 5 7 9 11 14 | 14.0
Stealth        | 9 13 15 | 15.0

Action                   |  1- 3 |  4- 6 |  7- 9 | 10-12 | 13-15 | 16-18 | 19-21 | 22-24 | 25-27 || total
-------------------------+-------+-------+-------+-------+-------+-------+-------+-------+-------++-------
Melee: Hand axe          |   100 |   303 |   141 |       |       |       |       |       |       ||   544
       Rapier            |       |       |   343 |  1279 |  3340 |  3857 |  2135 |       |       || 10954
       Battleaxe         |       |       |       |     7 |       |       |       |       |       ||     7
       War axe           |       |       |       |       |       |       |   825 |  1945 |  1350 ||  4120
 Fire: Hunting sling     |       |    13 |       |       |       |       |       |       |       ||    13
Throw: Stone             |       |     3 |     1 |       |       |       |       |       |       ||     4
       Tomahawk          |       |       |       |     7 |    35 |       |       |       |       ||    42
       Throwing net      |       |       |       |       |       |       |       |     1 |       ||     1
Invok: Berserk           |     4 |    11 |    19 |    28 |    26 |    22 |     7 |     1 |       ||   118
       Trog's Hand       |       |     2 |     1 |     5 |     8 |     7 |     7 |     3 |     3 ||    36
       Brothers in Arms  |       |       |       |       |     1 |     4 |     5 |     4 |    12 ||    26
 Abil: Heal Wounds       |     1 |     3 |     4 |    10 |     7 |    13 |     8 |     5 |     5 ||    56
       Evoke Invisibilit |       |       |       |       |       |       |     2 |     1 |    12 ||    15
       Evoke Flight      |       |       |       |       |       |       |     1 |     4 |       ||     5
Evoke: Wand              |       |       |       |    18 |    28 |     7 |     4 |       |     8 ||    65
       Box of beasts     |       |       |       |       |     1 |       |       |       |       ||     1
       Fan of gales      |       |       |       |       |       |     1 |       |       |       ||     1
       Lamp of fire      |       |       |       |       |       |       |     1 |       |     1 ||     2
       Phantom mirror    |       |       |       |       |       |       |       |       |     1 ||     1
       Sack of spiders   |       |       |       |       |       |       |       |       |     1 ||     1
  Use: Scroll            |       |     7 |     5 |    17 |    19 |    13 |    21 |    15 |    15 ||   112
       Potion            |       |     2 |       |     8 |     1 |       |     4 |     4 |    18 ||    37
 Stab: Sleeping          |       |     1 |       |       |       |       |       |       |       ||     1
       Invisible         |       |       |       |     2 |       |       |     8 |     3 |    77 ||    90
       Paralysed         |       |       |       |       |     5 |       |       |       |       ||     5
       Confused          |       |       |       |       |       |     3 |       |       |     2 ||     5
       Distracted        |       |       |       |       |       |       |     2 |     4 |     7 ||    13
       Petrifying        |       |       |       |       |       |       |       |     1 |       ||     1
       Held in net/web   |       |       |       |       |       |       |       |     1 |       ||     1
  Eat: Chunk             |     4 |    16 |    29 |    40 |    60 |    49 |    36 |    23 |    16 ||   273
       Ration            |       |     1 |     2 |    11 |     7 |     6 |     6 |     3 |     8 ||    44
Armor: Leather armour    |    20 |    13 |       |       |       |       |       |       |       ||    33
       Scale mail        |       |    46 |    90 |   534 |   854 |       |       |       |       ||  1524
       Ring mail         |       |       |    66 |   151 |       |       |       |       |       ||   217
       Plate armour      |       |       |       |       |   289 |  1477 |   702 |   409 |       ||  2877
       Skin              |       |       |       |       |       |       |     4 |       |       ||     4
       Gold dragon scale |       |       |       |       |       |       |       |   386 |   508 ||   894
Dodge: Dodged            |    39 |   124 |   182 |   859 |  1608 |   913 |   553 |   478 |   421 ||  5177
Block: Shield            |    34 |   112 |   190 |    90 |       |  2448 |  1960 |  1602 |  1139 ||  7575
       Buckler           |       |       |       |   290 |   819 |   189 |       |       |       ||  1298
       Reflection        |       |       |       |       |    16 |   125 |   103 |    53 |    26 ||   323

Table legend:
 A = Non-vault XP
 B = Vault XP
 C = Vault XP percentage of total XP
 D = Non-vault monster count
 E = Vault monster count
 F = Vault count percentage of total count
                 A         B        C        D         E       F
            +---------+---------+-------+---------+---------+-------
      Total |  866060 |  831188 |  49.0 |    1500 |    1103 |  42.4
            +---------+---------+-------+---------+---------+-------
        D:1 |      16 |       0 |   0.0 |       9 |       0 |   0.0
        D:2 |     114 |       0 |   0.0 |      22 |       0 |   0.0
        D:3 |     184 |      77 |  29.5 |      24 |      14 |  36.8
        D:4 |     350 |     470 |  57.3 |      22 |       8 |  26.7
        D:5 |     890 |     507 |  36.3 |      22 |      11 |  33.3
        D:6 |    1110 |    1530 |  58.0 |      24 |      11 |  31.4
        D:7 |    1267 |     121 |   8.7 |      26 |       1 |   3.7
        D:8 |    1069 |    1299 |  54.9 |      29 |      10 |  25.6
        D:9 |     701 |       0 |   0.0 |      10 |       0 |   0.0
       D:10 |    5434 |    2187 |  28.7 |      30 |       9 |  23.1
       D:11 |    1212 |    1638 |  57.5 |      19 |       8 |  29.6
       D:12 |   11920 |     921 |   7.2 |      46 |      18 |  28.1
       D:13 |    5236 |       0 |   0.0 |      22 |       0 |   0.0
       D:14 |    6206 |   11921 |  65.8 |      32 |      19 |  37.3
       D:15 |    5149 |    5728 |  52.7 |      18 |      13 |  41.9
     Lair:1 |    3853 |    5289 |  57.9 |      19 |      24 |  55.8
     Lair:2 |    4294 |       0 |   0.0 |      21 |       0 |   0.0
     Lair:3 |    3406 |     701 |  17.1 |      14 |       2 |  12.5
     Lair:4 |    5515 |    5787 |  51.2 |      26 |      26 |  50.0
     Lair:5 |    4618 |    2285 |  33.1 |      22 |       7 |  24.1
     Lair:6 |   19240 |   11068 |  36.5 |      47 |      35 |  42.7
    Swamp:1 |   10821 |    6095 |  36.0 |      27 |       2 |   6.9
    Swamp:2 |   11858 |       0 |   0.0 |      33 |       0 |   0.0
    Swamp:3 |    6305 |    8998 |  58.8 |      24 |      14 |  36.8
    Swamp:4 |   10516 |    9655 |  47.9 |      25 |      33 |  56.9
    Snake:1 |    8353 |    1948 |  18.9 |      18 |       1 |   5.3
    Snake:2 |   17012 |       0 |   0.0 |      27 |       0 |   0.0
    Snake:3 |   11152 |       0 |   0.0 |      20 |       0 |   0.0
    Snake:4 |   13388 |   45674 |  77.3 |      25 |      66 |  72.5
    Slime:2 |    7679 |       0 |   0.0 |       7 |       0 |   0.0
    Slime:3 |    7756 |       0 |   0.0 |       6 |       0 |   0.0
    Slime:4 |   23581 |       0 |   0.0 |      45 |       0 |   0.0
    Slime:5 |    9655 |   33004 |  77.4 |      35 |      15 |  30.0
      Orc:1 |    2109 |       0 |   0.0 |      27 |       0 |   0.0
      Orc:2 |    2046 |    4691 |  69.6 |      15 |      38 |  71.7
      Elf:1 |   12594 |   13315 |  51.4 |      21 |      22 |  51.2
      Elf:2 |    9743 |   24487 |  71.5 |      16 |      34 |  68.0
      Elf:3 |   14542 |   34923 |  70.6 |      26 |      25 |  49.0
   Vaults:1 |   11803 |   58165 |  83.1 |      26 |      63 |  70.8
   Vaults:2 |   22210 |   17970 |  44.7 |      41 |      26 |  38.8
   Vaults:3 |   25798 |   30629 |  54.3 |      45 |      53 |  54.1
   Vaults:4 |   21005 |   23382 |  52.7 |      28 |      35 |  55.6
   Vaults:5 |   47882 |  127234 |  72.7 |      61 |      95 |  60.9
   Depths:1 |   28829 |    6311 |  18.0 |      38 |       3 |   7.3
   Depths:2 |       0 |   56705 | 100.0 |       0 |      80 | 100.0
   Depths:3 |   33730 |   21337 |  38.7 |      51 |      18 |  26.1
   Depths:4 |   48853 |   12727 |  20.7 |      60 |      12 |  16.7
   Depths:5 |   47601 |   27386 |  36.5 |      51 |      29 |  36.2
      Zot:1 |   76695 |       0 |   0.0 |      53 |       0 |   0.0
      Zot:2 |   54583 |       0 |   0.0 |      32 |       0 |   0.0
      Zot:3 |   78667 |   23827 |  23.2 |      54 |      14 |  20.6
      Zot:4 |   43139 |       0 |   0.0 |      28 |       0 |   0.0
      Zot:5 |   64287 |  144256 |  69.2 |      30 |      38 |  55.9
    Abyss:3 |      84 |       0 |   0.0 |       1 |       0 |   0.0
      Sewer |       0 |     130 | 100.0 |       0 |      38 | 100.0
     Bailey |       0 |    1944 | 100.0 |       0 |      15 | 100.0
      IceCv |       0 |   10589 | 100.0 |       0 |      46 | 100.0
 Desolation |       0 |   34277 | 100.0 |       0 |      72 | 100.0
            +---------+---------+-------+---------+---------+-------

Levels and vault maps discovered:
D:1:      mushboom_english_gardens, layout_rooms, supply_closet_lemuel
D:2:      layout_basic, first_ration, nicolae_ru_sacrificial_ziggurat
D:3:      layout_loops_corners, kennysheep_slug_shrine,
          overflow_temple_1_default, nemelex_diamond_rough_becter, uniq_robin,
          uniq_natasha
D:4:      layout_loops_cross, serial_shops, shop, gup_sewer_entry_bubbles,
          uniq_sigmund, uniq_eustachio
D:5:      layout_basic, serial_bayou_pond_e, minmay_divided_ellipse,
          uniq_grinder, uniq_crazy_yiuf_cottage
D:6:      layout_cave_pools, basic_altar, gammafunk_ghost_icy,
          uniq_prince_ribbit1, uniq_duvessa
D:7:      layout_loops_ring, minmay_temple_entry_junction, grunt_ogre_cave
D:8:      layout_cave_pools, due_lair_maze_entry_diamond
D:9:      layout_irregular_city, gammafunk_temple_overflow_elements
D:10:     dragon1_lemuel, layout_rooms, enter_bailey_3, uniq_maurice
D:11:     layout_basic, grunt_ministairs_8, uniq_josephine
D:12:     gammafunk_jiyva_shrine, layout_rooms, david_orc_4,
          hangedman_decor_peaks_small
D:13:     layout_rooms, serial_shops, shop_fountains, chequers_arboretum
D:14:     layout_roguey, david_vaults_5, hangedman_decor_growths, uniq_rupert,
          uniq_louise, uniq_azrael, uniq_roxanne
D:15:     hangedman_depths_entry_civil_slaughter, layout_cave_pools,
          grunt_dithmenos_smoke_and_mirrors, minmay_crystal_water, pond
Lair:1:   layout_regular_city, gammafunk_ghost_wrathful_warriors,
          kennysheep_rathole, uniq_nergalle, uniq_urug
Lair:2:   layout_regular_city, portal_ice_cave_entry_pillars_1,
          chequers_serial_rivers_small_a
Lair:3:   layout_chaotic_city, basic_altar, grunt_megastairs_5
Lair:4:   layout_hall_layers, minmay_swamp_entry_swarm,
          minmay_snake_entry_guardpost_small, nicolae_quartered_pool_medium,
          grunt_megastairs_2, uniq_kirke
Lair:5:   layout_long_grid, dpeg_slime_entry_enclosed_altar,
          grunt_forest_stairs_basic, hangedman_lair_generics_rect,
          lemuel_fruit_tree
Lair:6:   wormcave, layout_regular_city, guppyfry_lair_end_dragon
Swamp:1:  layout_falls_marsh, evilmike_swamp_ruin_house_4, uniq_nikola
Swamp:2:  layout_basic_swamp, nicolae_swamp_dense_foliage, swamp_pool3,
          uniq_frances
Swamp:3:  gammafunk_mikee_crab_dinner, layout_falls_marsh, serial_swamp_ruin,
          evilmike_swamp_ruin_house_2, evilmike_swamp_ruin_house_1, swamp_pool3
Swamp:4:  swamp_icy, layout_basic_swamp, swamp_pool5,
          nicolae_swamp_hydra_murder_den
Snake:1:  layout_gridlike, basic_altar, uniq_donald
Snake:2:  layout_onion_interference
Snake:3:  layout_honeycomb
Snake:4:  snake_pit_salamanders_mu, layout_cave_town, basic_altar
Slime:1:  layout_caves
Slime:2:  layout_caves
Slime:3:  layout_caves
Slime:4:  layout_caves, cheibrodos_slime_lost_civilization_4
Slime:5
Orc:1:    layout_caves
Orc:2:    st_orc_rangers, layout_caves, serial_shops, nicolae_shop_trees,
          basic_altar
Elf:1:    eino_elf_arrival_the_gate, layout_geoelf_diagonals, serial_shops,
          nicolae_shop_waterfront, kennysheep_underground_church,
          minmay_elf_sorcery
Elf:2:    layout_geoelf_grid, serial_shops, shop, grunt_megastairs_3
Elf:3:    minmay_elf_hall_spiked, layout_loops_cross
Vaults:1: vaults_room_grunt_arrival_ludios, v_misc_19, hangedman_vaults_nodes,
          st_greater_box_3, ontoclasm_vaults_chip, v_alt_pattern_3,
          ontoclasm_vaults_idyll, v_alt_pattern_2, vaults_room_ringed_pool,
          layout_vaults_maze
Vaults:2: grunt_vaults_hallway_long, hangedman_vaults_stagger,
          minmay_crypt_entry_simple_walls, v_misc_15, nicolae_vaults_alarming,
          dpeg_vaults_monster_box, nicolae_vaults_theta,
          vaults_room_grunt_arrival_checkpoint, layout_vaults_omnigrid,
          serial_shops, shop, portal_desolation_entry_salt
Vaults:3: v_misc_3, nicolae_vaults_little_squares_2, hangedman_vaults_trim,
          v_alt_pattern_6, nicolae_vaults_ninety_degrees, vaults_mumra_lcd,
          nicolae_vaults_arrows, nicolae_vaults_display_case, v_alt_pattern_6,
          nicolae_vaults_angled_halls, v_alt_pattern_1, vaults_room_pools,
          layout_vaults_omnibox, basic_altar
Vaults:4: v_misc_3, nicolae_vaults_ring_of_whatevers, v_misc_17,
          nicolae_vaults_c_with_doors, hangedman_vaults_nails, v_rooms_2,
          v_misc_24, vaults_room_pool, vaults_standard_mumra_enter_the_diamond,
          vaults_room_octagon, nicolae_vaults_circle_grid_a, v_misc_14,
          ontoclasm_vaults_twist, layout_vaults_ring
Vaults:5: serial_shops
Depths:1: layout_basic, interstate_on_off, hell_entry,
          minmay_misc_feat_ornament, minmay_misc_feat_secret_circle,
          hallowed_hall
Depths:2: radiant_caverns_b_rkd, hell_entry
Depths:3: minmay_the_grid_triangle_9x9_recursive_3_mashed
          [minmay_the_grid_triangle_9x9_empty,
          minmay_the_grid_triangle_9x9_stretched_checkered,
          minmay_the_grid_triangle_9x9_shrine,
          minmay_the_grid_triangle_9x9_prize_schism,
          minmay_the_grid_triangle_9x9_thin_v,
          minmay_the_grid_triangle_9x9_corruption,
          minmay_the_grid_triangle_9x9_descending_squares,
          minmay_the_grid_triangle_9x9_limited_checkers,
          minmay_the_grid_triangle_9x9_zippers_horizontal], layout_basic,
          enter_ziggurat_a, grunt_pan_entry_sceptre, grunt_hell_entry_dis_mu,
          serial_bayou_lagoon_a, serial_bayou_shore_a
Depths:4: minmay_guarded_unrand_majin_bo, layout_gridlike,
          pf_hell_entry_tar_river, abyss_entry_flame_altar,
          infiniplex_staircase_split_hallway, serial_bayou_shore_b
Depths:5: grunt_twist_and_shout, layout_gridlike, enter_trove_6, hell_entry,
          minmay_room_of_horrors
Zot:1:    layout_basic
Zot:2:    layout_onion_interference
Zot:3:    grunt_zot_stairs_faceoff, layout_misc_corridors
Zot:4:    layout_misc_corridors, gammafunk_ghost_crypt
Zot:5:    layout_gridlike, skrybe_zot_glass_1
Abyss:3:  due_evilmike_abyss_rune_seething_liches, hangedman_abyss_river_spirits
Sewer:    sewer_sea
Bailey:   bailey_polearm_4, bailey
IceCv:    ice_cave_caverns_03
Desolation

Table legend:
 A = Turns spent in this place as a percentage of turns spent in the entire game.
 B = Non-inter-level travel turns spent in this place as a percentage of non-inter-level travel turns spent in the entire game.
 C = Inter-level travel turns spent in this place as a percentage of turns spent in this place.
 D = Turns resting spent in this place as a percentage of non-inter-level travel turns spent in this place.
 E = Turns spent auto-exploring this place as a percentage of non-inter-level travel turns spent in this place.
 F = Non-inter-level travel turns spent in this place divided by the number of levels of this place that you've seen.
                   A       B       C       D       E      F
               +-------+-------+-------+-------+-------+----------------------
         Total | 100.0 | 100.0 |  11.7 |   9.0 |  50.1 | 1006.0
       Dungeon |  26.5 |  24.4 |  18.5 |  16.1 |  51.7 | 965.4
          Lair |  12.0 |  11.6 |  14.4 |   8.3 |  50.9 | 1147.2
         Swamp |   7.9 |   8.4 |   7.0 |  12.0 |  48.3 | 1239.8
     Snake Pit |   8.4 |   8.5 |  10.2 |   6.6 |  51.5 | 1266.8
    Slime Pits |   1.0 |   1.0 |  12.4 |   1.0 |  13.6 | 116.0
  Orcish Mines |   2.7 |   2.5 |  16.8 |   3.1 |  52.0 | 750.5
   Elven Halls |   5.0 |   5.0 |  10.5 |   3.3 |  60.1 | 996.0
        Vaults |  14.1 |  15.1 |   5.1 |   5.3 |  47.7 | 1794.2
        Depths |   9.9 |  10.0 |  10.3 |   2.4 |  57.0 | 1189.2
           Zot |   7.6 |   7.7 |  10.5 |   4.7 |  53.6 | 911.8
         Abyss |   0.1 |   0.1 |   0.0 |   0.0 |  75.0 |  60.0
         Sewer |   0.7 |   0.8 |   0.0 |   0.0 |  42.5 | 475.0
        Bailey |   0.5 |   0.6 |   0.0 |  20.4 |  11.1 | 333.0
      Ice Cave |   1.9 |   2.1 |   0.0 |  32.2 |  24.3 | 1258.0
    Desolation |   1.9 |   2.2 |   0.0 |   4.9 |  30.4 | 1295.0
               +-------+-------+-------+-------+-------+----------------------

Table legend:
 A = Kills in this place as a percentage of kills in entire the game.
 B = Kills by you in this place as a percentage of kills by you in the entire game.
 C = Kills by friends in this place as a percentage of kills by friends in the entire game.
 D = Other kills in this place as a percentage of other kills in the entire game.
 E = Experience gained in this place as a percentage of experience gained in the entire game.
 F = Experience gained in this place divided by the number of levels of this place that you have seen.
                   A       B       C       D       E      F
               +-------+-------+-------+-------+-------+----------------------
         Total | 100.0 | 100.0 | 100.0 | 100.0 | 100.0 | 28874.7
       Dungeon |  18.6 |  18.9 |  12.5 |   8.8 |   4.3 | 4861.1
          Lair |   9.3 |   9.7 |   0.0 |   0.0 |   3.9 | 11009.3
         Swamp |   6.0 |   6.1 |   4.2 |   2.9 |   3.8 | 16062.0
     Snake Pit |   6.0 |   6.2 |   0.0 |   2.9 |   5.7 | 24381.8
    Slime Pits |   4.1 |   4.0 |  12.5 |   0.0 |   4.8 | 16335.0
  Orcish Mines |   3.1 |   2.9 |   8.3 |   2.9 |   0.5 | 4423.0
   Elven Halls |   5.5 |   5.7 |   0.0 |   5.9 |   6.4 | 36534.7
        Vaults |  18.1 |  18.1 |  15.3 |  26.5 |  22.7 | 77215.6
        Depths |  13.1 |  12.7 |  23.6 |  23.5 |  16.7 | 56835.2
           Zot |   9.5 |   9.3 |  11.1 |  20.6 |  28.5 | 97090.8
         Abyss |   0.0 |   0.0 |   0.0 |   0.0 |   0.0 |  84.0
         Sewer |   1.5 |   1.5 |   0.0 |   0.0 |   0.0 | 130.0
        Bailey |   0.6 |   0.6 |   0.0 |   2.9 |   0.1 | 1944.0
      Ice Cave |   1.8 |   1.8 |   0.0 |   0.0 |   0.6 | 10589.0
    Desolation |   2.8 |   2.5 |  12.5 |   2.9 |   2.0 | 34277.0
               +-------+-------+-------+-------+-------+----------------------
